 Dungeon Crawl Stone Soup version 0.29-a0-22-gbf593b16ee (webtiles) character file.

Game seed: 10763046547505002287

41039 blank1 the Warrior (level 13, -1/132 HPs)
             Began as a Minotaur Fighter on Jan 30, 2022.
             Was a High Priest of Okawaru.
             Killed from afar by a molten gargoyle (33 damage)
             ... with a bolt of magma
             ... in a volcano.
             The game lasted 00:28:52 (15265 turns).

blank1 the Warrior (Minotaur Fighter)              Turns: 15265, Time: 00:28:52

Health: -1/132     AC: 25    Str: 22    XL:     13   Next: 77%
Magic:  15/15      EV: 11    Int: 11    God:    Okawaru [*****.]
Gold:   834        SH:  6    Dex: 17    Spells: 12/12 levels left

rFire   . . .      SeeInvis .   r - +2 flail of Extremism {drain, Dex+3}
rCold   . . .      Faith    .   c - +0 buckler
rNeg    . . .      Spirit   .   E - +0 plate armour
rPois   .          Reflect  .   H - +2 hat
rElec   .          Harm     .   q - +0 cloak
rCorr   +          Rampage  .   m - +2 pair of gloves
Will    .....                   B - +0 pair of boots
Stlth   ..........              n - amulet of magic regeneration
HPRegen 0.32/turn               l - ring of resist corrosion
MPRegen 0.54/turn               N - +6 ring of intelligence

@: no status effects
A: horns 2, retaliatory headbutt
a: Renounce Religion, Heroism, Finesse, Duel


You were in a volcano.
You worshipped Okawaru.
Okawaru was extremely pleased with you.
You visited 3 branches of the dungeon, and saw 14 of its levels.
You also visited: Ossuary, Bailey and Volcano.

You collected 834 gold pieces.

Inventory:

Hand Weapons
 a - a +1 flail
 r - the +2 flail of Extremism (weapon) {drain, Dex+3}
   (You found it on level 4 of the Dungeon)

   A truly terrible weapon, it drains the life of any living foe it strikes.
   Dex:       It affects your dexterity (+3).
 Q - a +0 morningstar
Missiles
 A - 12 javelins (quivered)
Armour
 c - a +0 buckler (worn)
 m - a +2 pair of gloves (worn)
 q - a +0 cloak (worn)
 B - a +0 pair of boots (worn)
 E - a +0 plate armour (worn)
 H - a +2 hat (worn)
Jewellery
 l - a ring of resist corrosion (left hand)
 n - an amulet of magic regeneration (around neck)
 N - a +6 ring of intelligence (right hand)
Wands
 I - a wand of flame (10)
 K - a wand of polymorph (6)
Scrolls
 e - a scroll of torment {unknown}
 f - 12 scrolls of teleportation
 j - 2 scrolls of blinking
 k - a scroll of vulnerability
 t - a scroll of amnesia
 y - 3 scrolls of enchant weapon
 z - a scroll of fear
 D - 3 scrolls of summoning
 F - a scroll of fog
 G - a scroll of brand weapon {unknown}
 J - 2 scrolls of enchant armour
 L - a scroll of noise {unknown}
 M - 4 scrolls of silence
 P - a scroll of identify
Potions
 b - 4 potions of mutation
 d - 5 potions of might
 g - 6 potions of curing
 h - 4 potions of attraction
 i - 2 potions of flight
 o - 2 potions of cancellation
 p - 2 potions of heal wounds
 s - 3 potions of brilliance
 u - 2 potions of invisibility
 v - 2 potions of lignification
 w - 11 potions of ambrosia
 x - 9 potions of haste
 C - a potion of magic
 O - a potion of resistance {unknown}


   Skills:
 - Level 17.0 Fighting
 - Level 14.0 Maces & Flails
 + Level 14.3 Armour
 - Level 10.0 Dodging
 - Level 5.0 Shields
 + Level 4.8 Invocations


You had 12 spell levels left.
You didn't know any spells.
Your spell library contained the following spells:

 Spells                   Type           Power      Damage    Failure   Level
 Freeze                   Ice            0%         1d3       99%         1
 Magic Dart               Conj           0%         1d3       99%         1
 Slow                     Hex            0%         N/A       99%         1
 Scorch                   Fire           0%         2d5       100%        2
 Sublimation of Blood     Necr           0%         N/A       100%        2
 Wereblood                Tmut           0%         N/A       100%        2
 Confusing Touch          Hex            0%         N/A       100%        3
 Frozen Ramparts          Ice            0%         1d2       100%        3
 Lesser Beckoning         Tloc           0%         N/A       100%        3
 Mephitic Cloud           Conj/Pois/Air  0%         N/A       100%        3
 Portal Projectile        Hex/Tloc       0%         N/A       100%        3
 Teleport Other           Tloc           0%         N/A       100%        3
 Vampiric Draining        Necr           0%         2d6       100%        3
 Flame Wave               Conj/Fire      0%         2d4       100%        4
 Hailstorm                Conj/Ice       0%         3d3       100%        4
 Ice Form                 Ice/Tmut       0%         N/A       100%        4
 Leda's Liquefaction      Hex/Erth       0%         N/A       100%        4
 Blade Hands              Tmut           0%         N/A       100%        5
 Excruciating Wounds      Necr           0%         N/A       100%        5
 Call Imp                 Summ           Unusable   N/A       N/A         2
 Call Canine Familiar     Summ           Unusable   N/A       N/A         3
 Summon Ice Beast         Ice/Summ       Unusable   N/A       N/A         4
 Summon Cactus Giant      Summ           Unusable   N/A       N/A         6
 Summon Hydra             Summ           Unusable   N/A       N/A         7

Dungeon Overview and Level Annotations

Branches:
Dungeon (10/15)            Temple (1/1) D:4            Lair (3/6) D:9
  Swamp (0/4) Lair:2          Orc (0/2) D:10        Ossuary (visited)
 Bailey (visited)         Volcano (1/1)
  Snake: Lair:2-4    Spider: Lair:2-4

Altars:
Ashenzari
Cheibriados
Dithmenos
Elyvilon
Fedhas
Gozag
Hepliaklqana
Kikubaaqudgha
Makhleb
Nemelex Xobeh
Okawaru
Qazlal
Ru
Sif Muna
Trog
Uskayaw
Vehumet
Wu Jian
Xom
Yredelemnul
Zin
The Shining One
Jiyva

Annotations:
Lair:1 3 runed translucent doors, Mootru's ghost, journeyman PaFi
Lair:2 3 runed translucent doors, Reubyar's ghost, journeyman MiBe


Innate Abilities, Weirdness & Mutations

You have a pair of horns on your head.
You reflexively headbutt those who attack you in melee.


Message History

You completely miss the molten gargoyle.
You headbutt the molten gargoyle!
The molten gargoyle is moderately damaged.
The molten gargoyle barely misses you.
The two-headed ogre hits you with a +0 giant club of flaming!!
The two-headed ogre burns you. The two-headed ogre barely misses you.
You hit the two-headed ogre. You drain the two-headed ogre.
You headbutt the two-headed ogre!
The two-headed ogre is moderately wounded.
You block the molten gargoyle's attack.
You sock the two-headed ogre!
Your headbutt misses the two-headed ogre.
The two-headed ogre is heavily wounded.
The two-headed ogre hits you with a +0 giant club of flaming.
The two-headed ogre burns you. You block the two-headed ogre's attack.
The molten gargoyle hits you with a +0 mace.
You are engulfed in flames!
You hit the two-headed ogre. You headbutt the two-headed ogre!!
The two-headed ogre is almost dead.
The two-headed ogre hits you but does no damage.
You block the two-headed ogre's attack.
Unknown command.
You hit the two-headed ogre. You drain the two-headed ogre.
The two-headed ogre is almost dead.
The molten gargoyle blasts magma at you!
The bolt of magma hits you!!
* * * LOW HITPOINT WARNING * * *
Unknown command.
You sock the two-headed ogre!
You kill the two-headed ogre!
Okawaru accepts your kill.
The molten gargoyle hits you with a +0 mace.
* * * LOW HITPOINT WARNING * * *
You are engulfed in flames!
* * * LOW HITPOINT WARNING * * *
Unknown command.
You feel much better.
The molten gargoyle blasts magma at you!
The bolt of magma hits you!!
You die...

##### #...#
#######8_8#######
#..9@.......)...#
#..)###)).###...##
#.:$[
###'###.....#
#.$!$
#..)).#.....#
##)$[
#..∩..##[.)## ....
#.....##...# #####
##.).####### #####
##+## ##....## #.#


You could see a molten gargoyle.

Vanquished Creatures
  Gastronok (Lair:1)
  2 hydras
  A boulder beetle (Lair:2)
  An ogre mage (Volcano)
  3 death yaks
  4 two-headed ogres (Volcano)
  A hell knight (Volcano)
  3 bog bodies (Lair:2)
  An orc knight (Bailey)
  A manticore (D:8)
  Joseph (D:8)
  A molten gargoyle (Volcano)
  3 cane toads
  Psyche (D:8)
  5 komodo dragons
  2 hornets
  A queen bee (D:10)
  Prince Ribbit (D:7)
  A troll (D:10)
  2 wraiths
  A spriggan (D:9)
  7 fire bats (Volcano)
  A basilisk (Lair:1)
  3 wyverns
  32 yaks
  Menkaure (D:7)
  2 steam dragons (D:8)
  3 swamp worms (Lair:2)
  3 wargs (D:10)
  An acid dragon (D:10)
  4 water moccasins
  Duvessa (D:6)
  2 hell hounds (Lair:3)
  2 sky beasts
  12 orc warriors
  A black bear (D:5)
  4 centaurs
  12 wolves
  A phantom (D:6)
  A kobold brigand (D:9)
  5 bullfrogs
  2 wyvern zombies (Ossuary)
  3 scorpions
  A gnoll sergeant (D:5)
  Dowan (D:6)
  A water moccasin skeleton (D:5)
  19 killer bees (D:10)
  2 howler monkeys (D:8)
  7 wights
  2 electric eels (Lair:2)
  4 crimson imps (D:7)
  4 bullfrog zombies (Ossuary)
  5 lava snakes (Volcano)
  3 centaur zombies
  A jelly (D:6)
  A gnoll shaman (D:5)
  An orc priest (D:10)
  4 iguanas
  5 orc wizards
  2 hell rats (D:9)
  2 killer bee zombies (Ossuary)
  A hound skeleton (D:4)
  16 mummies (Ossuary)
  2 howler monkey zombies
  11 gnolls
  A howler monkey skeleton (D:7)
  7 adders
  2 river rats
  A shadow imp (D:8)
  2 white imps (D:7)
  An adder zombie (D:3)
  A worm (D:4)
  2 dart slugs
  30 orcs
  3 ball pythons (D:3)
  3 endoplasms (D:1)
  2 giant cockroaches (D:3)
  11 goblins
  7 hobgoblins
  2 jackals (D:1)
  2 quokkas
  3 bats
  2 frilled lizards
  A jackal skeleton (D:4)
  15 kobolds
  A rat (D:1)
334 creatures vanquished.

Vanquished Creatures (others)
  3 fungi (Lair:2)
  9 withered plants (Ossuary)
12 creatures vanquished.

Grand Total: 346 creatures vanquished

Notes
Turn   | Place    | Note
-------+----------+-------------------------------------------
     0 | D:1      | blank1 the Minotaur Fighter began the quest for the Orb.
     0 | D:1      | Reached XP level 1. HP: 19/19 MP: 0/0
   332 | D:1      | Reached XP level 2. HP: 27/27 MP: 1/1
   515 | D:1      | Found a faded altar of an unknown god.
   794 | D:2      | Reached skill level 1 in Dodging
   864 | D:2      | Reached XP level 3. HP: 33/33 MP: 2/2
   868 | D:2      | Reached skill level 4 in Fighting
  1792 | D:3      | Reached XP level 4. HP: 40/40 MP: 3/3
  1871 | D:3      | Found a snail-covered altar of Cheibriados.
  1959 | D:3      | Found a broken altar of Ashenzari.
  2079 | D:4      | Found a staircase to the Ecumenical Temple.
  2095 | Temple   | Entered the Ecumenical Temple
  2360 | D:4      | Found a glowing silver altar of Zin.
  2534 | D:4      | Identified the +2 flail of Extremism {drain, Dex+3}
  2631 | D:4      | Found an ornate altar of the Wu Jian Council.
  2889 | D:4      | Reached XP level 5. HP: 47/47 MP: 4/4
  3082 | D:4      | Reached skill level 5 in Fighting
  3082 | D:4      | Reached skill level 5 in Maces & Flails
  3329 | D:5      | Entered Level 5 of the Dungeon
  3405 | D:5      | Noticed a sky beast
  3414 | D:5      | Killed a sky beast
  3415 | D:5      | Reached XP level 6. HP: 40/56 MP: 5/5
  3529 | D:5      | Reached skill level 6 in Fighting
  3563 | D:5      | Reached XP level 7. HP: 32/64 MP: 6/6
  3586 | D:5      | Found a sand-covered staircase.
  3595 | Ossuary  | Entered an ossuary
  3678 | Ossuary  | Reached skill level 7 in Fighting
  4188 | Ossuary  | Reached skill level 8 in Fighting
  4428 | Ossuary  | Reached XP level 8. HP: 74/74 MP: 7/7
  4668 | Ossuary  | Reached skill level 5 in Armour
  5330 | D:5      | Found a sparkling altar of Nemelex Xobeh.
  5330 | D:5      | Found an opulent altar of Gozag.
  5820 | D:6      | Found a blossoming altar of Fedhas.
  5834 | D:6      | Noticed Dowan
  5835 | D:6      | Noticed Duvessa
  5848 | D:6      | Killed Duvessa
  5862 | D:6      | Killed Dowan
  6197 | D:6      | Reached skill level 9 in Fighting
  6356 | D:6      | Reached XP level 9. HP: 79/83 MP: 8/8
  6706 | D:6      | Found a hazy altar of Hepliaklqana.
  7115 | D:7      | You fall into a shaft and drop 1 floor!
  7152 | D:8      | Noticed Psyche
  7218 | D:8      | Killed Psyche
  7219 | D:8      | Reached skill level 10 in Fighting
  7219 | D:8      | Reached skill level 10 in Maces & Flails
  7257 | D:8      | Noticed a +0 short sword
  7257 | D:8      | Noticed a +0 dagger
  7257 | D:8      | Noticed a +0 spear
  7258 | D:8      | Noticed a +0 falchion
  7259 | D:8      | Noticed a +0 falchion
  7259 | D:8      | Noticed a +0 dagger
  7260 | D:8      | Noticed a +0 short sword
  7265 | D:8      | Noticed a +0 spear
  7272 | D:8      | Found a hide-covered altar of Uskayaw.
  7362 | D:8      | Found a glowing golden altar of the Shining One.
  7406 | D:8      | Reached skill level 5 in Dodging
  7426 | D:8      | Found a flagged portal.
  7433 | Bailey   | Entered a bailey
  7741 | Bailey   | Noticed an orc knight
  7757 | Bailey   | Killed an orc knight
  8060 | Bailey   | Reached XP level 10. HP: 79/94 MP: 9/9
  8115 | Bailey   | Reached skill level 13 in Fighting
  8115 | Bailey   | Reached XP level 11. HP: 99/107 MP: 10/10
  8116 | Bailey   | Reached skill level 15 in Fighting
  8116 | Bailey   | Reached skill level 10 in Armour
  8116 | Bailey   | Reached XP level 12. HP: 111/119 MP: 11/11
  8479 | D:8      | Noticed Joseph
  8488 | D:8      | Killed Joseph
  8870 | D:8      | Found a shadowy altar of Dithmenos.
  9198 | D:7      | Got the Tome of Dislocation and Ice
  9282 | D:7      | Found a shimmering altar of Xom.
  9344 | D:7      | Noticed Menkaure
  9348 | D:7      | Killed Menkaure
  9357 | D:7      | Noticed Prince Ribbit
  9367 | D:7      | Killed Prince Ribbit
  9668 | D:9      | Noticed a death yak
  9668 | D:9      | Noticed a death yak
  9668 | D:9      | Found a staircase to the Lair.
  9682 | D:8      | Killed a death yak
  9842 | D:9      | Noticed a death yak
  9876 | D:8      | Killed a death yak
  9884 | D:9      | Killed a death yak
 10396 | D:9      | Reached skill level 16 in Fighting
 10798 | D:10     | Entered Level 10 of the Dungeon
 10838 | D:10     | Found an iron altar of Okawaru.
 10849 | D:10     | Became a worshipper of Warmaster Okawaru
 11097 | D:10     | Reached skill level 1 in Invocations
 11139 | D:10     | Reached * piety under Okawaru
 11285 | D:10     | Found a staircase to the Orcish Mines.
 11648 | Lair:1   | Entered Level 1 of the Lair of Beasts
 11653 | Lair:1   | Noticed Gastronok
 11673 | Lair:1   | Killed Gastronok
 11673 | Lair:1   | Reached ** piety under Okawaru
 12055 | Lair:1   | Noticed a four-headed hydra
 12072 | Lair:1   | Killed a four-headed hydra
 12073 | Lair:1   | Reached XP level 13. HP: 105/128 MP: 14/14
 12313 | Lair:1   | Noticed Mootru's ghost (journeyman PaFi)
 12314 | Lair:1   | Noticed a minotaur
 12342 | Lair:1   | Reached *** piety under Okawaru
 12346 | Lair:1   | Reached skill level 10 in Dodging
 12612 | Lair:1   | Found a runed translucent gate.
 12612 | Lair:1   | Found a runed translucent gate.
 12612 | Lair:1   | Found a runed translucent gate.
 13087 | Lair:2   | Received a gift from Okawaru
 13346 | Lair:2   | Reached skill level 5 in Shields
 13414 | Lair:2   | Reached **** piety under Okawaru
 13684 | Lair:2   | Identified the +0 leather armour of the Lily {Will+ SInv}
 14266 | Lair:2   | Found a runed translucent gate.
 14267 | Lair:2   | Found a runed translucent gate.
 14268 | Lair:2   | Found a runed translucent gate.
 14269 | Lair:2   | Noticed Reubyar's ghost (journeyman MiBe)
 14271 | Lair:2   | Found a viscous altar of Jiyva.
 14435 | Lair:2   | Found a staircase to the Swamp.
 14690 | Lair:3   | Found a dark tunnel.
 14707 | Volcano  | Entered a volcano
 14822 | Volcano  | Reached skill level 17 in Fighting
 15006 | Volcano  | Reached ***** piety under Okawaru
 15016 | Volcano  | Found a radiant altar of Vehumet.
 15020 | Volcano  | Paralysed by an ogre mage for 5 turns
 15265 | Volcano  | Killed from afar by a molten gargoyle

Illustrated notes

Levels and vault maps discovered:
D:1:      scummos_arrival_gate, layout_loops_ring,
          hellmonk_ecumenical_altar_slurped_away
D:2:      layout_basic, st_stairs_14
D:3:      layout_basic, cheibriados_altar_1, nicolae_ashenzari_skybound
D:4:      layout_loops_ring, zin_academy, mainiacjoe_overflow_paths,
          minmay_temple_entry_water_ring
D:5:      layout_layer_cave, grunt_temple_overflow_opulence,
          nicolae_ossuary_entry_ruins
D:6:      layout_rooms, nicolae_hepliaklqana_hippocampus, fedhas_altar_1,
          uniq_duvessa
D:7:      layout_basic, led_xom_imps, uniq_menkaure, uniq_prince_ribbit1
D:8:      wad_crossroads, layout_basic, mainiacjoe_overflow_boulevard,
          mainiacjoe_overflow_concentric_impassable, nicolae_uskayaw_en_pointe,
          enter_bailey_3, uniq_joseph, uniq_psyche
D:9:      layout_irregular_city, dpeg_lair_monsters, the_hattery
D:10:     layout_small_grid, kennysheep_mini_moat, minmay_orc_entry_guard_dogs,
          special_room [special_room_bee]
Temple:   compressed_dpeg_triangle_lava_temple
Lair:1:   layout_regular_city, maelrawn_ghost_gauntlet_escape,
          serial_bayou_shore_a, lemuel_fruit_tree, grunt_megastairs_5,
          uniq_gastronok
Lair:2:   layout_hall_layers, nicolae_swamp_entry_splash_gauntlet,
          gammafunk_ghost_ooze, serial_bayou_shore_b
Lair:3:   layout_regular_city, enter_volcano_3, serial_bayou_pond_b,
          kennysheep_abandoned_house, infiniplex_staircase_pool
Volcano:  volcano_grotto [vgs_original]

Skill      XL: |  1  2  3  4  5  6  7  8  9 10 11 12 13 |
---------------+----------------------------------------+-----
Dodging        | 1 2 4 6 9 10 | 10.0
Shields        | 4 5 |  5.0
Armour         | 4 6 8 10 12 14 | 14.3
Fighting       | 4 5 6 8 9 10 13 15 16 17 | 17.0
Maces & Flails | 3 4 5 6 8 9 10 13 14 | 14.0
Invocations    | 3 4 |  4.8

Action                   |  1- 3 |  4- 6 |  7- 9 | 10-12 | 13-15 || total
-------------------------+-------+-------+-------+-------+-------++-------
Melee: Flail             |    92 |    80 |   318 |   334 |   282 ||  1106
       Headbutt          |    11 |    12 |    84 |    92 |    76 ||   275
       Unarmed           |       |       |     1 |       |       ||     1
Invok: Heroism           |       |       |       |     1 |     1 ||     2
       Finesse           |       |       |       |       |     2 ||     2
  Use: Scroll            |       |     8 |    11 |     3 |     3 ||    25
       Potion            |       |       |     1 |     2 |     1 ||     4
 Stab: Invisible         |       |       |     4 |       |       ||     4
Armor: Scale mail        |    35 |     9 |       |       |       ||    44
       Chain mail        |       |    11 |   155 |     6 |       ||   172
       Plate armour      |       |       |       |   167 |   140 ||   307
Dodge: Dodged            |    38 |    39 |   140 |   133 |   130 ||   480
Block: Buckler           |    21 |    21 |    74 |    87 |    73 ||   276

Table legend: (Time is in decaauts)
 A = Elapsed time spent in this place.
 B = Non-inter-level travel time spent in this place.
 C = Inter-level travel time spent in this place.
 D = Time resting spent in this place.
 E = Time spent auto-exploring this place.
 F = Levels seen in this place.
 G = Mean time per level.
                   A        B        C        D        E       F      G
               +--------+--------+--------+--------+--------+-----+--------+
         Total |  15221 |  14858 |    363 |   3362 |   8544 |  17 |  895.4 |
       Dungeon |   9684 |   9383 |    301 |   1272 |   6359 |  10 |  968.4 |
        Temple |    233 |    229 |      4 |      0 |    221 |   1 |  233.0 |
          Lair |   2792 |   2735 |     57 |    844 |   1432 |   3 |  930.7 |
       Ossuary |   1203 |   1203 |      0 |    671 |    305 |   1 | 1203.0 |
        Bailey |    772 |    772 |      0 |    425 |      4 |   1 |  772.0 |
       Volcano |    535 |    535 |      0 |    150 |    223 |   1 |  535.0 |
               +--------+--------+--------+--------+--------+-----+--------+

Top non-repeatable levels by time:
     D:8: 1515 daAuts
  Lair:1: 1394 daAuts
     D:5: 1335 daAuts
  Lair:2: 1328 daAuts
 Ossuary: 1203 daAuts
     D:6: 1182 daAuts
     D:9: 1099 daAuts
     D:4: 1030 daAuts
    D:10: 818 daAuts
     D:1: 796 daAuts
  Bailey: 772 daAuts
     D:2: 699 daAuts
     D:3: 610 daAuts
     D:7: 596 daAuts
 Volcano: 535 daAuts
